 Dungeon Crawl Stone Soup version 0.21-a0-264-g3e31e41 (webtiles) character file.

5620 Blomdor the Cleaver (level 10, -17/80 HPs)
             Began as a Barachi Wizard on Sept 8, 2017.
             Was a Priest of Cheibriados.
             Demolished by a red ugly thing (19 damage)
             ... on level 9 of the Dungeon.
             The game lasted 00:13:42 (9405 turns).

Blomdor the Cleaver (Barachi Wizard)                Turns: 9405, Time: 00:13:43

Health: -17/80     AC: 18    Str: 17 (18) XL:     10   Next: 73%
Magic:  14/14      EV:  8    Int: 25      God:    Cheibriados [***...]
Gold:   467        SH:  0    Dex: 14 (16) Spells: 8/15 levels left

rFire    . . .     SeeInvis .   f - +4 hand axe (freeze)
rCold    + . .     Gourm    .   (no shield)
rNeg     . . .     Faith    .   y - +0 plate armour
rPois    .         Spirit   .   w - +1 helmet
rElec    .         Reflect  .   E - +0 cloak (curse)
rCorr    .         Harm     .   b - +0 pair of gloves
MR       .....     Rnd*Rage +   (no boots)
Stlth    ..........             g - amulet of magic regeneration
HPRegen  0.23/turn              p - ring of protection from cold
MPRegen  0.39/turn              n - +2 ring of evasion

@: very slow
A: +LOS, swims, berserk 1, mutation resistance 1, slowness 1, wild magic 1,
strong legs 1
a: Hop, Bend Time, Temporal Distortion, Renounce Religion


You were on level 9 of the Dungeon.
You worshipped Cheibriados.
Cheibriados was most pleased with you.
You were not hungry.

You visited 1 branch of the dungeon, and saw 10 of its levels.

You collected 467 gold pieces.

Inventory:

Hand Weapons
 f - a +4 hand axe of freezing (weapon)
 v - a +1 spear of venom
Missiles
 o - a throwing net (quivered)
Armour
 b - a +0 pair of gloves (worn)
 j - a +0 shield
 w - a +1 helmet (worn)
 y - a +0 plate armour (worn)
 E - a cursed +0 cloak (worn)
Jewellery
 g - an amulet of magic regeneration (around neck)
 n - a +2 ring of evasion (right hand)
 p - a ring of protection from cold (left hand)
Wands
 a - a wand of acid (9/15)
 t - a wand of paralysis (2/24)
 z - a wand of flame (25/48)
Scrolls
 i - 3 scrolls of teleportation
 k - 2 scrolls of fear
 m - a scroll of fog
 r - 5 scrolls of remove curse
 u - a scroll of recharging
 B - a scroll of enchant armour
Potions
 e - a potion of heal wounds
 s - 2 potions of degeneration
 x - 6 potions of curing
 A - a potion of flight {unknown}
 C - a potion of lignification {unknown}
 D - a potion of invisibility {unknown}
 F - 2 potions of cancellation
Books
 c - a book of Minor Magic

   Spells                             Type                      Level
   a - Magic Dart                     Conjuration                  1
   b - Blink                          Translocation                2
   c - Call Imp                       Summoning                    2
   d - Slow                           Hexes                        2
   e - Conjure Flame                  Conjuration/Fire             3
   f - Mephitic Cloud                 Conjuration/Poison/Air       3
Comestibles
 d - 5 bread rations
 h - 11 fruits
 l - a meat ration
 q - a royal jelly


   Skills:
 + Level 8.1 Fighting
 * Level 11.3 Axes
 + Level 7.9 Armour
 - Level 2.1 Dodging
 - Level 1.7 Stealth
 + Level 7.0 Shields
 - Level 3.2 Spellcasting
 - Level 1.1 Conjurations
   Level 1.2 Summonings
   Level 1.1 Translocations


You had 8 spell levels left.
You knew the following spells:

 Your Spells              Type           Power        Failure   Level  Hunger
a - Magic Dart            Conj           ##..         93%         1    None
b - Mephitic Cloud        Conj/Pois/Air  #.......     100%        3    ###....
c - Conjure Flame         Conj/Fire      #.......     100%        3    ###....


Dungeon Overview and Level Annotations

Branches:
Dungeon (10/15)            Temple (0/1) D:6            Lair (0/6) D:8
    Orc: D:9-12

Altars:
Cheibriados
Dithmenos
Fedhas
Kikubaaqudgha
Makhleb
Nemelex Xobeh
Wu Jian
Yredelemnul
The Shining One

Shops:
D:5 %   D:7 (


Innate Abilities, Weirdness & Mutations

Shadows flee at your approach. (+LOS)
You can swim through water.
You cover ground slowly.
You can hop short distances.
You tend to lose your temper in combat.
You are somewhat resistant to further mutation.
Your spells are a little harder to cast, but a little more powerful.


Message History

Unknown command.
You barely miss the red ugly thing.
The red ugly thing is moderately wounded.
Unknown command.
You hit the red ugly thing. You freeze the red ugly thing.
The red ugly thing is moderately wounded.
The red ugly thing tail-slaps you.
You are engulfed in flames!!
You hit the red ugly thing. You freeze the red ugly thing.
The red ugly thing is heavily wounded.
The red ugly thing tail-slaps you.
You are engulfed in flames!
* * * LOW HITPOINT WARNING * * *
Unknown command.
You hit the red ugly thing. You freeze the red ugly thing.
The red ugly thing is heavily wounded.
You barely miss the red ugly thing.
The red ugly thing is heavily wounded.
The red ugly thing tail-slaps you!
* * * LOW HITPOINT WARNING * * *
You are engulfed in flames!!
You die...

########..###########............
#..# #.##########. #..# #.# #.
########..###########.##########.
.........).......................
.................................
#######.........................(
#........................(#
#.........@...............#
#........u...............)#
#.........................#
#######.........................#
............(....................
.................................
....(...........[......##########
.......................#
.......................#


You could see a red ugly thing.

Vanquished Creatures
  2 two-headed ogres (D:9)
  The ghost of Shayle the Ogre Mage, a novice OgFE of Sif Muna (D:9)
  A kobold demonologist (D:9)
  A komodo dragon (D:8)
  Prince Ribbit (D:9)
  A hungry ghost (D:9)
  An orc warrior (D:9)
  5 ogres
  A phantom (D:7)
  A sky beast (D:6)
  5 centaurs
  9 bullfrogs
  4 scorpions
  5 wights (D:9)
  2 crimson imps
  5 howler monkeys
  2 jellies
  A gnoll shaman (D:9)
  3 hounds
  Jessica (D:1)
  2 orc wizards
  5 worker ants
  A hound skeleton (D:4)
  A mummy (D:7)
  A worker ant zombie (D:5)
  A howler monkey zombie (D:8)
  3 gnolls (D:9)
  8 adders
  3 oozes
  3 worms
  A dart slug (D:1)
  9 leopard geckos
  11 orcs
  9 giant cockroaches
  6 goblins
  8 hobgoblins
  5 jackals
  A quokka (D:4)
  2 ball pythons
  9 bats
  5 frilled lizards
  A hobgoblin zombie (D:7)
  A jackal zombie (D:6)
  8 kobolds
  A kobold zombie (D:7)
  A leopard gecko skeleton (D:4)
  A leopard gecko zombie (D:9)
  2 orc zombies (D:7)
  3 rats
164 creatures vanquished.

Vanquished Creatures (others)
  A plant (D:8)
1 creature vanquished.

Grand Total: 165 creatures vanquished

Notes
Turn   | Place    | Note
-------+----------+-------------------------------------------
     0 | D:1      | Blomdor the Barachi Wizard began the quest for the Orb.
     0 | D:1      | Reached XP level 1. HP: 13/13 MP: 4/4
    93 | D:1      | Reached skill level 1 in Fighting
   465 | D:1      | Reached XP level 2. HP: 17/22 MP: 0/6
   953 | D:1      | Reached skill level 1 in Axes
  1053 | D:1      | Reached XP level 3. HP: 15/27 MP: 7/7
  1058 | D:1      | Learned a level 3 spell: Mephitic Cloud
  1062 | D:1      | Learned a level 3 spell: Conjure Flame
  1290 | D:1      | Reached skill level 2 in Axes
  1600 | D:2      | Noticed Jessica
  1613 | D:1      | Killed Jessica
  1613 | D:1      | Reached skill level 3 in Axes
  1883 | D:2      | Reached XP level 4. HP: 32/33 MP: 8/8
  2162 | D:2      | Reached skill level 4 in Axes
  2162 | D:2      | Reached XP level 5. HP: 38/38 MP: 9/9
  2320 | D:2      | Found a sparkling altar of Nemelex Xobeh.
  2791 | D:3      | Found a basalt altar of Yredelemnul.
  3201 | D:3      | Found a burning altar of Makhleb.
  3477 | D:4      | Noticed an ogre
  3515 | D:4      | Killed an ogre
  3515 | D:4      | Reached skill level 5 in Axes
  3515 | D:4      | Reached skill level 1 in Armour
  3515 | D:4      | Reached skill level 1 in Shields
  3515 | D:4      | Reached XP level 6. HP: 46/46 MP: 7/10
  3755 | D:4      | Reached XP level 7. HP: 37/52 MP: 11/11
  3847 | D:4      | Found an ancient bone altar of Kikubaaqudgha.
  3896 | D:4      | Got a crude ring mail
  3907 | D:4      | Identified the cursed +0 ring mail of the Thistle {rF++ rN+} (You found it on level 4 of the Dungeon)
  3934 | D:4      | Reached skill level 6 in Axes
  4579 | D:5      | Entered Level 5 of the Dungeon
  4666 | D:5      | Reached XP level 8. HP: 42/60 MP: 12/12
  4674 | D:5      | Found Soc Nor's Food Shoppe.
  4774 | D:5      | Reached skill level 7 in Axes
  4810 | D:5      | Found a shadowy altar of Dithmenos.
  4838 | D:5      | Found a snail-covered altar of Cheibriados.
  4877 | D:5      | Became a worshipper of Cheibriados the Contemplative
  5179 | D:6      | Found a staircase to the Ecumenical Temple.
  5364 | D:6      | Reached skill level 5 in Fighting
  5426 | D:6      | Reached * piety under Cheibriados
  5721 | D:7      | Reached skill level 8 in Axes
  6151 | D:7      | Reached skill level 5 in Armour
  6237 | D:7      | Reached XP level 9. HP: 65/68 MP: 13/13
  6377 | D:7      | Found Cooxuask's Weapon Emporium.
  6758 | D:7      | Got an ominously black robe
  6770 | D:7      | Identified the +4 robe "Zotiyloa" {-Tele rElec rPois Regen+} (You found it on level 7 of the Dungeon)
  6839 | D:8      | Found a glowing golden altar of the Shining One.
  7054 | D:8      | Reached ** piety under Cheibriados
  7140 | D:8      | Reached skill level 9 in Axes
  7174 | D:8      | Found an ornate altar of the Wu Jian Council.
  7392 | D:8      | Found a blossoming altar of Fedhas.
  7510 | D:8      | Found a staircase to the Lair.
  7511 | D:8      | Noticed a komodo dragon
  7534 | D:8      | Killed a komodo dragon
  7534 | D:8      | Reached skill level 5 in Shields
  7711 | D:9      | Noticed a two-headed ogre
  7726 | D:9      | Killed a two-headed ogre
  7726 | D:9      | Reached skill level 10 in Axes
  7767 | D:9      | Noticed Shayle's ghost (novice OgFE)
  7941 | D:9      | Noticed a two-headed ogre
  7954 | D:9      | Killed a two-headed ogre
  7954 | D:9      | Reached XP level 10. HP: 66/79 MP: 14/14
  8098 | D:9      | Noticed a kobold demonologist
  8116 | D:9      | Killed a kobold demonologist
  8158 | D:9      | Gained mutation: Your spells are a little harder to cast, but a little more powerful. [potion of mutation]
  8158 | D:9      | Gained mutation: You are somewhat resistant to further mutation. [potion of mutation]
  8158 | D:9      | Gained mutation: You tend to lose your temper in combat. [potion of mutation]
  8190 | D:9      | Killed Shayle's ghost
  8190 | D:9      | Reached skill level 11 in Axes
  8383 | D:10     | Entered Level 10 of the Dungeon
  8383 | D:10     | Noticed a cyan ugly thing
  9211 | D:9      | Noticed Prince Ribbit
  9218 | D:9      | Killed Prince Ribbit
  9218 | D:9      | Reached *** piety under Cheibriados
  9397 | D:10     | Noticed a red ugly thing
  9405 | D:9      | HP: 2/80 [red ugly thing (9)]
  9405 | D:9      | Demolished by a red ugly thing

Vault maps used:
D:1:      lightli_arrival_maybe_door_vault, nrook_mini_vaults,
          minmay_strange_pillars, minmay_misc_feat_four_crosses
D:2:      cheibrodos_old_hovel, nemelex_xobeh_ov_fountains_minmay, st_stairs_8,
          corexii_leaking_fountain, uniq_jessica
D:3:      bloody_makhleb, yredelemnul_altar_generic, first_bread,
          minmay_misc_feat_square
D:4:      kiku_gazebo_garden_becter
D:5:      serial_shops, shop, basic_altar, grunt_dithmenos_smoke
D:6:      temple_fountains
D:7:      serial_shops, kennysheep_mini_moat, minmay_mini_ossuary
D:8:      old_standard_altar, fedhas_altar_2, nicolae_overflow_crystal_walls,
          david_lair_shrubbed
D:9:      uniq_prince_ribbit1
D:10:     serial_shops, nicolae_shop_crystal, uniq_grum

Skill      XL: |  1  2  3  4  5  6  7  8  9 10 |
---------------+-------------------------------+-----
Fighting       | 2 3 4 5 7 8 |  8.1
Axes           | 1 3 4 5 6 8 10 11 | 11.3
Armour         | 1 2 3 5 7 |  7.9
Shields        | 1 2 3 4 6 7 |  7.0
Dodging        | |  2.1
Stealth        | |  1.7
Spellcasting   | |  3.2
Conjurations   | |  1.1
Summonings     | |  1.2
Translocations | |  1.1

Action                   |  1- 3 |  4- 6 |  7- 9 | 10-12 || total
-------------------------+-------+-------+-------+-------++-------
Melee: Unarmed           |    43 |       |       |       ||    43
       Hand axe          |    80 |   163 |   245 |   164 ||   652
 Cast: Magic Dart        |     7 |     4 |       |       ||    11
       Mephitic Cloud    |       |     3 |       |       ||     3
 Abil: Hop               |       |       |     2 |       ||     2
Evoke: Wand              |       |       |     8 |       ||     8
  Use: Potion            |       |     2 |     1 |     4 ||     7
       Scroll            |       |     9 |     6 |     1 ||    16
 Stab: Sleeping          |     2 |     3 |     2 |       ||     7
       Confused          |       |     1 |       |       ||     1
       Paralysed         |       |       |    17 |       ||    17
  Eat: Chunk             |     3 |     8 |    10 |     5 ||    26
       Fruit             |       |       |       |     3 ||     3
Armor: Robe              |    38 |    48 |       |       ||    86
       Ring mail         |       |       |    63 |       ||    63
       Chain mail        |       |       |    25 |       ||    25
       Plate armour      |       |       |       |   129 ||   129
Dodge: Dodged            |    92 |    86 |    98 |    67 ||   343

Table legend:
 A = Spawn XP
 B = Non-spawn XP
 C = Spawn XP percentage of total XP
 D = Spawn monster count
 E = Non-spawn monster count
 F = Spawn count percentage of total count
 G = Total turns spent on level
                    A         B        C        D         E        F      G
               +---------+---------+-------+---------+---------+-------+---------
         Total |       0 |    8029 |   0.0 |       0 |     164 |   0.0 |  9405
               +---------+---------+-------+---------+---------+-------+---------
           D:1 |       0 |      81 |   0.0 |       0 |      22 |   0.0 |  1868
           D:2 |       0 |     125 |   0.0 |       0 |      25 |   0.0 |   900
           D:3 |       0 |      33 |   0.0 |       0 |      16 |   0.0 |   698
           D:4 |       0 |     697 |   0.0 |       0 |      17 |   0.0 |  1113
           D:5 |       0 |     403 |   0.0 |       0 |      10 |   0.0 |   526
           D:6 |       0 |     613 |   0.0 |       0 |      15 |   0.0 |   591
           D:7 |       0 |     494 |   0.0 |       0 |      17 |   0.0 |  1140
           D:8 |       0 |    1033 |   0.0 |       0 |      15 |   0.0 |  1039
           D:9 |       0 |    4550 |   0.0 |       0 |      27 |   0.0 |  1525
               +---------+---------+-------+---------+---------+-------+---------
